 Dungeon Crawl Stone Soup version 0.28-a0-998-gb9e9c7b67e (webtiles) character file.

Game seed: 12613875437839621194

34366 emperorscorpion the Thaumaturge (level 14, 0/96 HPs)
             Began as a Djinni Warper on Dec 5, 2021.
             Was the Champion of Makhleb.
             Killed by divine providence
             ... invoked by Saint Roka
              (12 damage)
             ... on level 2 of the Orcish Mines.
             The game lasted 01:41:52 (26948 turns).

emperorscorpion the Thaumaturge (Djinni Warper)    Turns: 26948, Time: 01:41:53

Health: 0/96       AC: 10    Str: 16    XL:     14   Next: 12%
Gold:   21         EV: 13    Int: 18    God:    Makhleb [******] SH:  9 Dex: 18

rFire   + . .      SeeInvis +   U - +9 broad axe "Zuriec" {elec, rN+ rCorr Dex+3}
rCold   + + +      Faith    .   B - +0 kite shield
rNeg    + . .      Spirit   .   a - +4 skin of Zhor {*Englaciate rC+++ SInv}
rPois   ∞          Reflect  .   (helmet restricted)
rElec   .          Harm     .   (no cloak)
rCorr   +          Rampage  .   I - +2 pair of gloves
Will    +....      Clarity  +   (boots unavailable)
Stlth   ++........              (no amulet)
HPRegen 0.26/turn               i - +6 ring of strength
MPRegen 0.00/turn               R - ring of ice

@: flying, studying Spellcasting, invisible
A: sickness immunity, fire resistance 2, cold vulnerability 1, float, innate
caster, hp casting, extra vitality 1, horns 1, clarity
a: Renounce Religion, Minor Destruction, Lesser Servant of Makhleb, Major
Destruction, Greater Servant of Makhleb


You were on level 2 of the Orcish Mines.
You worshipped Makhleb.
Makhleb was exalted by your worship.
You visited 4 branches of the dungeon, and saw 17 of its levels.
You also visited: Ossuary and Ice Cave.

You collected 1445 gold pieces.
You spent 1424 gold pieces at shops.

Inventory:

Hand Weapons
 b - a +9 flail
 g - a +4 dagger of chaos
 t - a +2 flail of holy wrath
 x - a +6 shortbow of freezing
 E - a +2 spear of flaming
 U - the +9 broad axe "Zuriec" (weapon) {elec, rN+ rCorr Dex+3}
   (You bought it in a shop on level 2 of the Orcish Mines)

   It occasionally discharges a powerful burst of electricity upon striking a
   foe.
   Dex:       It affects your dexterity (+3).
   rN:        It protects you from negative energy.
   rCorr:     It protects you from acid and corrosion.
Missiles
 d - 5 boomerangs of dispersal
 f - 37 poisoned darts
 W - 6 atropa-tipped darts (quivered)
 Y - 4 throwing nets
Armour
 a - the +4 skin of Zhor (worn) {*Englaciate rC+++ SInv}
   (You found it in an ice cave)

   It radiates cold, occasionally slowing all nearby creatures who are not
   resistant to cold.
   rC:        It renders you almost immune to cold.
   SInv:      It lets you see invisible.
 n - +4 pearl dragon scales
 B - a +0 kite shield (worn)
 F - a +2 robe of cold resistance
 I - a +2 pair of gloves (worn)
Magical Staves
 s - a staff of death
Jewellery
 i - a +6 ring of strength (left hand)
 w - a +6 ring of strength
 L - a ring of wizardry
 R - a ring of ice (right hand)
Wands
 k - a wand of charming (5)
 m - a wand of acid (1)
 D - a wand of mindburst (17)
 G - a wand of iceblast (3)
 H - a wand of flame (14)
Scrolls
 c - a scroll of blinking
 h - a scroll of enchant weapon
 o - 3 scrolls of vulnerability
 K - a scroll of magic mapping
 Q - 2 scrolls of teleportation
 S - a scroll of torment
 T - a scroll of identify
 X - 2 scrolls of holy word
Potions
 e - 2 potions of mutation
 j - a potion of haste
 l - 2 potions of invisibility
 p - 2 potions of attraction
 q - a potion of cancellation
 u - 2 potions of brilliance
 C - 2 potions of curing
 M - a potion of berserk rage
 O - a potion of might
Miscellaneous
 v - a condenser vane
 P - a box of beasts
 V - a phantom mirror
 Z - a lightning rod (2/4)


   Skills:
 + Level 7.0 Fighting
 + Level 3.8 Short Blades
 + Level 1.9(5.4) Axes
 - Level 8.0(8.2) Maces & Flails
 + Level 2.3 Throwing
 + Level 8.2 Armour
 + Level 6.3 Dodging
 - Level 1.2 Stealth
 + Level 3.3 Shields
 + Level 14.4 Spellcasting
 - Level 1.0 Evocations


You had 5 spell levels left.
You knew the following spells:

 Your Spells              Type           Power      Damage    Failure   Level
a - Poisonous Vapours     Pois/Air       100%       N/A       1%          2
b - Blink                 Tloc           100%       N/A       1%          2
c - Gell's Gravitas       Tloc           60%        N/A       1%          3
d - Teleport Other        Tloc           60%        N/A       1%          3
e - Manifold Assault      Tloc           60%        N/A       1%          5
f - Animate Skeleton      Necr           100%       N/A       1%          1
g - Lesser Beckoning      Tloc           60%        N/A       1%          3
h - Tukima's Dance        Hex            60%        N/A       1%          3
i - Hailstorm             Conj/Ice       77%        3d16      1%          4
j - Freezing Cloud        Conj/Ice/Air   38%        6-21      1%          5
S - Silence               Hex/Air        30%        N/A       1%          5
Your spell library was empty.

Dungeon Overview and Level Annotations

Branches:
Dungeon (12/15)            Temple (1/1) D:4            Lair (2/6) D:10
    Orc (2/2) D:12            Elf (0/3) Orc:2       Ossuary (visited)
  IceCv (visited)
  Swamp: Lair:2-4    Shoals: Lair:2-4     Snake: Lair:2-4    Spider: Lair:2-4

Altars:
Ashenzari
Cheibriados
Dithmenos
Elyvilon
Fedhas
Gozag
Hepliaklqana
Kikubaaqudgha
Makhleb
Nemelex Xobeh
Okawaru
Ru
Trog
Uskayaw
Vehumet
Wu Jian
Xom
Yredelemnul
Zin
The Shining One
Beogh

Shops:
D:6 !   D:8 *   Orc:2 *!:

Annotations:
D:4 2 transporters, casual's ghost, weakling DsTm
D:5 1 runed translucent door, sn0wgr3's ghost, novice MiFi
Orc:2 Saint Roka


Innate Abilities, Weirdness & Mutations

You are immune to sickness and miasma.
You are immune to poison.
Your flesh is very heat resistant. (rF++)
You are vulnerable to cold. (rC-)
You float through the air rather than walking.
You learn spells naturally, not from books.
Your magical power is your life essence.
You have superior vitality. (+4 HP)
You have a pair of small horns on your head.
You possess an exceptional clarity of mind.


Message History

* * * LOW HITPOINT WARNING * * *
You radiate an aura of cold.
The orc wizard seems to slow down.
The orc warrior seems to slow down.
Saint Roka resists.
The orc wizard seems to slow down. x2
Unknown command.
Casting: Manifold Assault (dangerous; 1% risk of failure)
Confirm with . or Enter, or press ? or * to list all spells.
Space momentarily warps into an impossible shape!
You hit Saint Roka. You slash the orc wizard!
Lightning courses through the orc wizard!
You kill the orc wizard!
Makhleb accepts your kill.
You feel better.
You hit the orc wizard.
* * * LOW HITPOINT WARNING * * *
You radiate an aura of cold.
The orc wizard seems to slow down.
The orc warrior seems to slow down.
Saint Roka resists.
The orc wizard seems to slow down.
The orc wizard casts a spell at you. The puff of flame hits you. You resist.
* * * LOW HITPOINT WARNING * * *
Your box of beasts has recharged.
You feel better.
You radiate an aura of cold.
Saint Roka resists.
The orc warrior seems to slow down.
The orc wizard seems to slow down.
Press: ? - help, v - describe, . - travel
Here: Saint Roka, wielding a +1 battleaxe and wearing a +5 plate armour of ponderousness (almost dead, wandering, very poisoned, hasn't noticed you)
The floor.
Aiming: Corrosive Bolt
Press: ? - help, Shift-Dir - straight line, f/p - Saint Roka
Aim: Saint Roka, wielding a +1 battleaxe and wearing a +5 plate armour of ponderousness (almost dead, wandering, very poisoned, hasn't noticed you, 83% to hit)
The bolt of acid hits Saint Roka!
The acid corrodes Saint Roka!
Saint Roka is almost dead.
Aiming: Corrosive Bolt
Press: ? - help, Shift-Dir - straight line, f/p - Saint Roka
Aim: Saint Roka, wielding a +1 battleaxe and wearing a +5 plate armour of ponderousness (almost dead, wandering, very poisoned, covered in acid, hasn't noticed you, 83% to hit)
The bolt of acid hits Saint Roka!
Saint Roka is almost dead.
Saint Roka calls down the wrath of Beogh upon you.
Beogh smites you!
You die...

#..................)..)(
#.............)..8.')...
#............o.....#.8##
##........oo.......####
##.................#
#.......o.........##
#...............#..###
##...............[#....
##.....@........)...####
#.................)..##
##.....#########...[..##
#...##.##..#.).[.......#
##.##..#.).'.8)#........
#####.#.).#...#.......#
#.#_))#####.......#
#.#...).8.#..##...#
#.#......∩#..##....


You could see Saint Roka (very poisoned, corroded), an orc warrior (strong,
slow) and 2 orc wizards.

Vanquished Creatures
  A fire dragon (D:10)
  Harold (D:7)
  A hydra (D:10)
  2 boulder beetles (D:10)
  A centaur warrior (D:10)
  Erica (D:9)
  3 two-headed ogres
  3 death yaks
  An orc high priest (Orc:2)
  2 orc knights (Orc:2)
  2 deep elf pyromancers
  3 ugly things
  An orc sorcerer (Orc:2)
  2 cyclopes
  3 manticores
  Joseph (Lair:1)
  A black mamba (Lair:1)
  3 ice statues (IceCv)
  A gargoyle (D:12)
  3 cane toads
  Psyche (D:9)
  3 komodo dragons
  2 rime drakes
  A yaktaur (D:10)
  3 trolls
  Prince Ribbit (D:9)
  A slime creature (D:10)
  2 dire elephant simulacra (IceCv)
  2 wyverns
  2 wraiths (D:9)
  A redback (shapeshifter) (D:10)
  15 yaks
  2 shadows
  A vampire (D:9)
  Grum (Lair:1)
  Eustachio (D:6)
  2 death yak simulacra
  6 vampire mosquitoes
  A warg (Orc:2)
  Edmund (D:5)
  An acid dragon (D:10)
  4 water moccasins
  32 orc warriors
  3 sky beasts
  A hornet zombie (D:8)
  2 necrophages (D:4)
  2 wolves (Lair:1)
  9 ogres
  3 centaurs
  An elf zombie (D:4)
  3 bullfrogs
  A kobold brigand (D:11)
  A wyvern zombie (D:7)
  3 gnoll sergeants
  A two-headed ogre simulacrum (Orc:1)
  An elf skeleton (D:4)
  4 water moccasin zombies (Ossuary)
  2 scorpions
  A water moccasin skeleton (D:6)
  A wyvern skeleton (D:7)
  9 killer bees
  An elephant simulacrum (IceCv)
  8 wights
  A howler monkey (D:9)
  4 centaur zombies
  A bullfrog zombie (D:6)
  A jelly (D:7)
  A gnoll shaman (Orc:1)
  4 hounds
  22 orc priests
  2 bullfrog skeletons
  2 centaur skeletons
  A human skeleton (D:4)
  3 iguanas
  27 orc wizards
  2 polar bear simulacra (Orc:1)
  A spriggan simulacrum (Orc:1)
  A troll simulacrum (Orc:1)
  2 wolf simulacra
  A mummy (Ossuary)
  14 gnolls
  A howler monkey skeleton (D:7)
  A naga simulacrum (Orc:1)
  A river rat (D:4)
  8 adders
  2 white imps
  An ufetubus (D:5)
  3 adder zombies (Ossuary)
  2 worms
  3 dart slugs
  91 orcs
  9 ball pythons
  An endoplasm (D:2)
  13 giant cockroaches
  7 goblins
  12 hobgoblins
  6 jackals
  2 quokkas
  6 bats
  9 frilled lizards
  6 gnoll zombies (Ossuary)
  8 hobgoblin zombies (Ossuary)
  18 kobolds
  6 kobold zombies (Ossuary)
  2 orc skeletons (D:4)
  9 orc zombies
  11 rats
507 creatures vanquished.

Vanquished Creatures (collateral kills)
  A death yak simulacrum (IceCv)
1 creature vanquished.

Vanquished Creatures (others)
  An orc wizard (D:5)
  6 fungi
  6 plants
13 creatures vanquished.

Grand Total: 521 creatures vanquished

Notes
Turn   | Place    | Note
-------+----------+-------------------------------------------
     0 | D:1      | emperorscorpion the Djinni Warper began the quest for the
                  | Orb.
     0 | D:1      | Reached XP level 1. HP: 18/18 MP: 0/0
   236 | D:1      | Reached XP level 2. HP: 23/23 MP: 0/0
   804 | D:1      | Reached XP level 3. HP: 10/28 MP: 0/0
   804 | D:1      | Learned a level 1 spell: Animate Skeleton
  1960 | D:2      | Reached XP level 4. HP: 23/33 MP: 0/0
  2224 | D:2      | Reached skill level 1 in Throwing
  2717 | D:3      | Reached skill level 1 in Stealth
  3075 | D:3      | Noticed a scorpion
  3083 | D:3      | Killed a scorpion
  3084 | D:3      | Reached XP level 5. HP: 37/39 MP: 0/0
  3084 | D:3      | Learned a level 2 spell: Poisonous Vapours
  3812 | D:3      | Reached skill level 3 in Spellcasting
  3812 | D:3      | Reached XP level 6. HP: 45/45 MP: 0/0
  4101 | D:4      | Found a staircase to the Ecumenical Temple.
  4112 | Temple   | Entered the Ecumenical Temple
  4237 | Temple   | Became a worshipper of Makhleb the Destroyer
  4267 | D:4      | Found a transporter.
  4270 | D:4      | Noticed casual's ghost (weakling DsTm)
  4278 | D:4      | Noticed a necrophage
  4303 | D:4      | Killed a necrophage
  4351 | D:4      | Found a sand-covered staircase.
  4506 | Ossuary  | Entered an ossuary
  4645 | Ossuary  | Reached XP level 7. HP: 35/49 MP: 0/0
  4645 | Ossuary  | Learned a level 3 spell: Tukima's Dance
  5118 | Ossuary  | Reached * piety under Makhleb
  5390 | Ossuary  | Reached skill level 4 in Spellcasting
  5698 | D:4      | Reached ** piety under Makhleb
  6555 | D:4      | Reached XP level 8. HP: 51/56 MP: 0/0
  6982 | D:4      | Reached skill level 5 in Spellcasting
  7746 | D:4      | Found a transporter.
  8016 | D:5      | Entered Level 5 of the Dungeon
  8270 | D:5      | Gained mutation: You possess an exceptional clarity of
                  | mind. [potion of mutation]
  8270 | D:5      | Gained mutation: You have a pair of small horns on your
                  | head. [potion of mutation]
  8697 | D:5      | Found a runed translucent door.
  8702 | D:5      | Noticed sn0wgr3's ghost (novice MiFi)
  8817 | D:5      | Reached skill level 6 in Spellcasting
  8864 | D:5      | Reached XP level 9. HP: 45/62 MP: 0/0
  8864 | D:5      | Learned a level 4 spell: Hailstorm
  9584 | D:5      | Found a hazy altar of Hepliaklqana.
  9585 | D:5      | Found a faded altar of an unknown god.
  9585 | D:5      | Noticed Edmund
  9606 | D:5      | Killed Edmund
 10302 | D:5      | Reached skill level 7 in Spellcasting
 10801 | D:6      | Reached skill level 1 in Maces & Flails
 10838 | D:6      | Noticed Eustachio
 10854 | D:6      | Killed Eustachio
 10982 | D:6      | Found a broken altar of Ashenzari.
 11119 | D:6      | Found Want's Distillery.
 11128 | D:6      | Bought a potion of berserk rage for 65 gold pieces
 11128 | D:6      | Bought a potion of flight for 39 gold pieces
 11128 | D:6      | Bought a potion of curing for 39 gold pieces
 11207 | D:7      | Found a sparkling altar of Nemelex Xobeh.
 11222 | D:7      | Found a basalt altar of Yredelemnul.
 11224 | D:7      | Found an opulent altar of Gozag.
 11224 | D:7      | Found a glowing golden altar of the Shining One.
 11224 | D:7      | Found a hide-covered altar of Uskayaw.
 11439 | D:7      | Found an ornate altar of the Wu Jian Council.
 11451 | D:7      | Reached *** piety under Makhleb
 11875 | D:7      | Noticed Harold
 12280 | D:7      | Killed Harold
 12281 | D:7      | Reached XP level 10. HP: 61/69 MP: 0/0
 12336 | D:7      | Reached skill level 8 in Spellcasting
 13046 | D:8      | Found Eblery's Assorted Antiques.
 13919 | D:9      | Noticed Psyche
 13927 | D:9      | Killed Psyche
 13928 | D:9      | Reached skill level 9 in Spellcasting
 14189 | D:9      | Noticed a two-headed ogre
 14215 | D:9      | Killed a two-headed ogre
 14216 | D:9      | Reached skill level 5 in Armour
 14216 | D:9      | Reached XP level 11. HP: 74/74 MP: 0/0
 14216 | D:9      | Learned a level 5 spell: Silence
 14264 | D:9      | Noticed Prince Ribbit
 14271 | D:9      | Killed Prince Ribbit
 14518 | D:9      | Found a shadowy altar of Dithmenos.
 14858 | D:9      | Noticed Erica
 14867 | D:9      | Killed Erica
 15257 | D:9      | Reached skill level 5 in Fighting
 15257 | D:9      | Reached skill level 5 in Maces & Flails
 15582 | D:10     | Entered Level 10 of the Dungeon
 15589 | D:10     | Reached skill level 10 in Spellcasting
 15667 | D:10     | Noticed a death yak
 15669 | D:10     | Noticed a death yak
 15679 | D:10     | Noticed a death yak
 15695 | D:8      | Killed a death yak
 15695 | D:8      | Reached **** piety under Makhleb
 15954 | D:9      | Killed a death yak
 16200 | D:9      | Killed a death yak
 16379 | D:10     | Found a staircase to the Lair.
 16581 | D:10     | Noticed a brown ugly thing
 16585 | D:10     | Noticed a deep elf pyromancer
 16638 | D:10     | Killed a brown ugly thing
 16639 | D:10     | Reached XP level 12. HP: 46/81 MP: 0/0
 16654 | D:10     | Reached skill level 11 in Spellcasting
 16955 | D:10     | Noticed a fire dragon
 16986 | D:10     | Noticed a centaur warrior
 16990 | Lair:1   | Entered Level 1 of the Lair of Beasts
 17374 | Lair:1   | Noticed Grum
 17387 | Lair:1   | Killed Grum
 17607 | Lair:1   | Noticed Joseph
 17627 | Lair:1   | Killed Joseph
 17628 | Lair:1   | Reached skill level 5 in Dodging
 18134 | Lair:1   | Identified a scroll of acquirement
 18134 | Lair:1   | Acquired a manual of Spellcasting
 18982 | D:10     | Killed a centaur warrior
 19134 | D:10     | Reached skill level 1 in Shields
 19365 | D:11     | Noticed a two-headed ogre
 19563 | D:10     | Found a bloodstained altar of Trog.
 19606 | D:10     | Noticed a four-headed hydra
 19618 | D:10     | Killed a four-headed hydra
 19736 | D:10     | Noticed a boulder beetle
 19737 | D:10     | Noticed a boulder beetle
 19758 | D:10     | Killed a boulder beetle
 19766 | D:10     | Killed a boulder beetle
 19767 | D:10     | Reached skill level 1 in Evocations
 19993 | D:10     | Killed a fire dragon
 19995 | D:10     | Noticed a deep troll
 20002 | D:10     | Noticed a swamp dragon
 20002 | D:10     | a deep troll changed into a swamp dragon
 20014 | D:10     | a swamp dragon changed into a redback
 20288 | D:10     | Found a snail-covered altar of Cheibriados.
 20448 | D:11     | Noticed a two-headed ogre
 20480 | D:11     | Killed a two-headed ogre
 20481 | D:11     | Reached XP level 13. HP: 87/87 MP: 0/0
 20481 | D:11     | Learned a level 5 spell: Freezing Cloud
 20613 | D:11     | Reached skill level 12 in Spellcasting
 22007 | D:12     | Reached skill level 13 in Spellcasting
 22271 | D:12     | Reached ***** piety under Makhleb
 22321 | D:12     | Found a staircase to the Orcish Mines.
 22771 | Orc:1    | Entered Level 1 of the Orcish Mines
 22798 | Orc:1    | Found a frozen archway.
 22808 | IceCv    | Entered an ice cave
 23097 | IceCv    | Found the +4 skin of Zhor {*Englaciate rC+++ SInv}
 25001 | Orc:2    | Entered Level 2 of the Orcish Mines
 25449 | Orc:2    | Found a staircase to the Elven Halls.
 26082 | Orc:2    | Reached skill level 14 in Spellcasting
 26179 | Orc:2    | Found Opitinug's General Store.
 26186 | Orc:2    | Bought the +9 broad axe "Zuriec" {elec, rN+ rCorr Dex+3}
                  | for 1171 gold pieces
 26349 | Orc:2    | Reached XP level 14. HP: 70/94 MP: 0/0
 26633 | Orc:2    | Found Edilidac's Book Shoppe.
 26754 | Orc:2    | Found Hygono's Distillery.
 26762 | Orc:2    | Bought a potion of haste for 110 gold pieces
 26806 | Orc:2    | Reached skill level 1 in Axes
 26896 | Orc:2    | Noticed Saint Roka
 26908 | Orc:2    | Reached ****** piety under Makhleb
 26940 | Orc:2    | HP: 4/96 [orc wizard/puff of flame (3)]
 26948 | Orc:2    | Killed from afar by Saint Roka

Illustrated notes

Levels and vault maps discovered:
D:1:      wander_arrival_chamber, layout_basic
D:2:      layout_loops_corners, minmay_misc_feat_pillars
D:3:      layout_loops_corners, mainiacjoe_overflow_six_doors_small
D:4:      layout_loops_ring, minmay_temple_entry_drinking_statues,
          gammafunk_ghost_mausoleum, nicolae_ossuary_entry_catacombs,
          portal_sewer_entry_e, hangedman_decor_opposing,
          hangedman_decor_peaks_small, grunt_ministairs_15,
          minmay_misc_feat_hallway, kennysheep_generic_room_13
D:5:      layout_basic, lemuel_tele_altar, beargit_hepliaklqana_dungeon_heroes,
          ebering_ghost_reflecting_pool, minmay_misc_feat_encased
D:6:      layout_rooms, nicolae_ashenzari_skybound, serial_shops,
          nicolae_lakefront_shop, uniq_eustachio
D:7:      layout_basic, nicolae_wu_jian_wuxing_cycle,
          nicolae_overflow_crystal_walls,
          chequers_temple_overflow_statue_of_worship, uniq_harold
D:8:      layout_rooms, serial_shops, nicolae_take_the_stairs
D:9:      layout_loops_ring, mainiacjoe_overflow_alcove_4, minmay_crystal_room,
          kennysheep_cross_room, uniq_erica, uniq_psyche, uniq_prince_ribbit1
D:10:     layout_basic, chei_slow_surprise, trog_hazing_becter,
          dpeg_lair_monsters, minivault_28
D:11:     layout_layer_cave, eino_tiny_chamber
D:12:     cheibrodos_orc_bank, layout_layer_cave, orc_0_dummy
Temple:   nicolae_temple_figure_zero
Lair:1:   layout_cave_pods, uniq_grum, uniq_joseph
Lair:2:   layout_misc_corridors
Orc:1:    layout_caves, portal_ice_cave_entry_ice_simulacra
Orc:2:    grunt_orc_community_town_hall, layout_diamond_mine,
          grunt_orc_community_big_house_2, grunt_orc_community_big_house_2,
          grunt_orc_community_house_2, grunt_orc_community_house_3,
          grunt_orc_community_house_3, grunt_orc_community_house_2,
          grunt_orc_community_house_3, grunt_orc_community_house_1,
          serial_shops, nicolae_lakefront_shop

Skill      XL: |  1  2  3  4  5  6  7  8  9 10 11 12 13 14 |
---------------+-------------------------------------------+-----
Short Blades   | 2 3 |  3.8
Throwing       | 1 2 |  2.3
Stealth        | 1 |  1.2
Armour         | 2 3 4 5 7 8 |  8.2
Spellcasting   | 3 4 6 7 9 10 11 14 | 14.4
Dodging        | 3 4 5 6 |  6.3
Fighting       | 3 4 5 6 7 |  7.0
Maces & Flails | 3 4 5 7 8 |  8.0
Shields        | 1 3 |  3.3
Evocations     | 1 |  1.0
Axes           | 1 |  1.9

Action                   |  1- 3 |  4- 6 |  7- 9 | 10-12 | 13-15 || total
-------------------------+-------+-------+-------+-------+-------++-------
Melee: Short sword       |   121 |   194 |   233 |       |       ||   548
       Headbutt          |       |       |    21 |    64 |    28 ||   113
       Flail             |       |       |    82 |   297 |   231 ||   610
       Broad axe         |       |       |       |       |    89 ||    89
Throw: Dart              |    15 |    29 |     3 |     3 |     2 ||    52
 Cast: Blink             |       |     2 |    10 |    22 |     1 ||    35
       Poisonous Vapours |       |     8 |   110 |   129 |    53 ||   300
       Gell's Gravitas   |       |     4 |    28 |       |     6 ||    38
       Teleport Other    |       |     1 |     7 |       |       ||     8
       Animate Skeleton  |       |       |    13 |     2 |     3 ||    18
       Tukima's Dance    |       |       |     1 |     2 |       ||     3
       Hailstorm         |       |       |     7 |    13 |     3 ||    23
       Manifold Assault  |       |       |       |    20 |    60 ||    80
       Silence           |       |       |       |     2 |       ||     2
       Lesser Beckoning  |       |       |       |     1 |       ||     1
       Freezing Cloud    |       |       |       |       |    66 ||    66
Evoke: Wand              |       |       |     2 |    24 |    23 ||    49
       Box of beasts     |       |       |       |     1 |     1 ||     2
       Lightning rod     |       |       |       |       |     4 ||     4
  Use: Scroll            |       |     6 |     7 |     8 |     6 ||    27
       Potion            |       |     4 |     6 |     2 |     5 ||    17
 Stab: Sleeping          |     1 |       |     1 |       |       ||     2
       Invisible         |       |       |     2 |       |       ||     2
Armor: Leather armour    |    34 |    40 |    51 |       |       ||   125
       Skin              |       |    16 |       |       |       ||    16
       Pearl dragon scal |       |       |    73 |   237 |    50 ||   360
       Animal skin       |       |       |       |       |    46 ||    46
Dodge: Dodged            |    68 |   104 |   207 |   230 |   102 ||   711
Block: Kite shield       |       |       |       |    62 |    99 ||   161

Table legend: (Time is in decaauts)
 A = Elapsed time spent in this place.
 B = Non-inter-level travel time spent in this place.
 C = Inter-level travel time spent in this place.
 D = Time resting spent in this place.
 E = Time spent auto-exploring this place.
 F = Levels seen in this place.
 G = Mean time per level.
                   A        B        C        D        E       F      G
               +--------+--------+--------+--------+--------+-----+--------+
         Total |  27144 |  25770 |   1374 |   4622 |  16391 |  19 | 1428.6 |
       Dungeon |  19499 |  18347 |   1152 |   2269 |  12594 |  12 | 1624.9 |
        Temple |    136 |    126 |     10 |      0 |    120 |   1 |  136.0 |
          Lair |   2186 |   1988 |    198 |    482 |   1333 |   2 | 1093.0 |
  Orcish Mines |   2748 |   2734 |     14 |    238 |   1993 |   2 | 1374.0 |
       Ossuary |   1080 |   1080 |      0 |    470 |    321 |   1 | 1080.0 |
      Ice Cave |   1493 |   1493 |      0 |   1163 |     30 |   1 | 1493.0 |
               +--------+--------+--------+--------+--------+-----+--------+

Top non-repeatable levels by time:
     D:4: 2629 daAuts
     D:5: 2266 daAuts
     D:9: 2089 daAuts
   Orc:2: 1983 daAuts
    D:10: 1924 daAuts
  Lair:1: 1802 daAuts
     D:8: 1660 daAuts
   IceCv: 1493 daAuts
    D:11: 1492 daAuts
     D:3: 1469 daAuts
     D:7: 1401 daAuts
     D:1: 1351 daAuts
     D:2: 1344 daAuts
 Ossuary: 1080 daAuts
    D:12: 972 daAuts
